 Dungeon Crawl Stone Soup version 0.32-a0-876-gcfddb08e57 (webtiles) character file.

Game seed: 8834546612416200276

8792 ragingrage the Slicer (level 11, -3/63 HPs)
             Began as a Kobold Warper on Mar 31, 2024.
             Was an Elder of Nemelex Xobeh.
             Slain by a cyan ugly thing (17 damage)
             ... on level 11 of the Dungeon.
             The game lasted 00:17:30 (12821 turns).

ragingrage the Slicer (Kobold Warper)              Turns: 12821, Time: 00:17:31

Health: -3/63      AC:  9    Str:  9    XL:     11   Next: 62%
Magic:  14/14      EV: 17    Int: 15    God:    Nemelex Xobeh [****..]
Gold:   298        SH:  0    Dex: 18    Spells: 8/14 levels left

rFire   . . .        a - +3 dagger (venom)
rCold   . . .        (no shield)
rNeg    . . .        P - +0 troll leather armour
rPois   .            f - +0 helmet
rElec   .            (no cloak)
rCorr   .            y - +0 pair of gloves {hurl}
SInv    .            (no boots)
Will    +....        p - amulet of faith
Stlth   +++          A - +4 ring of protection
HPRegen 1.10/turn    O - ring of willpower
MPRegen 0.14/turn

%: faith
@: no status effects
A: small, no large weapons, nightstalker 3
a: Renounce Religion, Draw Escape, Draw Destruction, Draw Summoning, Triple
Draw, Deal Four


You were on level 11 of the Dungeon.
You worshipped Nemelex Xobeh.
Nemelex Xobeh was greatly pleased with you.
You visited 2 branches of the dungeon, and saw 12 of its levels.

You collected 740 gold pieces.
You spent 442 gold pieces at shops.

Inventory:

Hand Weapons
 a - a +3 dagger of venom (weapon)
 b - the +5 long sword of Greed {spect, rN+}
   (You found it on level 8 of the Dungeon)

   rN+:       It protects you from negative energy.
 N - a +2 rapier of holy wrath
Missiles
 d - 7 darts of dispersal
 g - 43 poisoned darts
 o - 2 datura-tipped darts
 z - 6 boomerangs
Armour
 f - a +0 helmet (worn)
 y - a +0 pair of gloves of hurling (worn)
 D - a +2 robe of willpower
 I - a +1 robe of cold resistance
 P - a +0 troll leather armour (worn)
Magical Staves
 G - a staff of alchemy
Jewellery
 p - an amulet of faith (around neck)
 v - a ring of positive energy
 w - a ring of protection from fire
 A - a +4 ring of protection (left hand)
 O - a ring of willpower (right hand)
Wands
 s - a wand of flame (36)
 B - a wand of iceblast (5)
 J - a wand of charming (1)
 L - a wand of digging (5)
 M - a wand of acid (10)
 T - a wand of polymorph (3)
Scrolls
 c - 2 scrolls of blinking
 i - a scroll of identify {unknown}
 k - 2 scrolls of immolation
 n - 3 scrolls of teleportation
 q - 2 scrolls of noise {unknown}
 r - a scroll of fear {unknown}
 C - a scroll of revelation {unknown}
 E - a scroll of enchant weapon {unknown}
 F - a scroll of amnesia {unknown}
 K - a scroll of silence {unknown}
 Q - a scroll of acquirement {unknown}
 S - a scroll of torment {unknown}
Potions
 e - 3 potions of curing
 h - 2 potions of attraction {unknown}
 j - a potion of enlightenment
 l - 4 potions of haste
 m - a potion of cancellation
 t - 2 potions of brilliance {unknown}
 u - 5 potions of degeneration {unknown}
 x - 3 potions of heal wounds
 H - a potion of might {unknown}


   Skills:
 - Level 5.0 Fighting
 - Level 10.6(12.8) Short Blades
 + Level 7.5(8.7) Long Blades
 - Level 1.1 Throwing
 - Level 0.8 Armour
 - Level 7.0 Dodging
 - Level 3.0 Stealth
 - Level 2.2 Spellcasting
 - Level 4.0 Conjurations
 - Level 3.0 Translocations
 - Level 7.0 Ice Magic
 - Level 4.0 Alchemy
 - Level 5.0 Invocations


You had 8 spell levels left.
You knew the following spells:

 Your Spells              Type           Power      Damage    Failure   Level
a - Ozocubu's Armour      Ice            22%        N/A       4%          3
b - Blink                 Tloc           20%        N/A       13%         2
c - Sting                 Conj/Alch      52%        1d6       6%          1

Your spell library contained the following spells:

 Spells                   Type           Power      Damage    Failure   Level
 Apportation              Tloc           20%        N/A       9%          1
 Ensorcelled Hibernation  Hex/Ice        24%        N/A       11%         2
 Lesser Beckoning         Tloc           20%        N/A       13%         2
 Cigotuvi's Dreadful Rot  Necr/Alch/Air  10%        N/A       26%         2
 Teleport Other           Tloc           10%        N/A       26%         3
 Necrotise                Necr           4%         1d4       30%         1
 Summon Small Mammal      Summ           4%         N/A       30%         1
 Maxwell's Portable Pile  Tloc           10%        2d(7-13)  63%         4
 Passage of Golubria      Tloc           10%        N/A       63%         4
 Fugue of the Fallen      Necr           1%         N/A       65%         3
 Passwall                 Erth           1%         N/A       65%         3
 Swiftness                Air            1%         N/A       65%         3
 Tukima's Dance           Hex            1%         N/A       65%         3
 Vhi's Electric Charge    Tloc/Air       12%        N/A       85%         4
 Dispel Undead            Necr           1%         3d6       96%         4
 Martyr's Knell           Necr/Summ      1%         N/A       96%         4
 Yara's Violent Unravell  Hex/Alch       3%         3d4       98%         5
 Manifold Assault         Tloc           5%         N/A       100%        7


Dungeon Overview and Level Annotations

Branches:
Dungeon (11/15)            Temple (1/1) D:4            Lair (0/5) D:10
    Orc (0/2) D:9

Altars:
Ashenzari
Cheibriados
Dithmenos
Elyvilon
Fedhas
Gozag
Hepliaklqana
Kikubaaqudgha
Makhleb
Nemelex Xobeh
Okawaru
Qazlal
Ru
Sif Muna
Trog
Uskayaw
Vehumet
Wu Jian
Xom
Yredelemnul
Zin
The Shining One

Shops:
D:5 [   D:8 *   D:9 *

Annotations:
D:9 exclusion: wight


Innate Abilities, Weirdness & Mutations

You are small and have problems with some larger weapons.
You are completely attuned to the shadows.


Message History

You throw a curare-tipped dart.
The curare-tipped dart barely misses the cyan ugly thing.
The cyan ugly thing barely misses you.
Throw: 3 darts (curare)
Press: ? - help, Shift-Dir - straight line, f/p - cyan ugly thing
Aim: a cyan ugly thing (65% to hit)
You throw a curare-tipped dart.
The curare-tipped dart closely misses the cyan ugly thing.
The cyan ugly thing claws you! The cyan ugly thing shocks you!
Throw: 2 darts (curare)
Press: ? - help, Shift-Dir - straight line, f/p - cyan ugly thing
Aim: a cyan ugly thing (65% to hit)
You throw a curare-tipped dart.
The curare-tipped dart barely misses the cyan ugly thing.
The curare-tipped dart hits the boulder beetle.
The boulder beetle is poisoned.
The boulder beetle struggles to breathe.
The boulder beetle seems to slow down.
The cyan ugly thing barely misses you.
Throw: dart (curare)
Press: ? - help, Shift-Dir - straight line, f/p - cyan ugly thing
Aim: a cyan ugly thing (65% to hit)
You throw a curare-tipped dart.
The curare-tipped dart barely misses the cyan ugly thing.
The curare-tipped dart hits the boulder beetle.
The boulder beetle looks as sick as possible!
The boulder beetle struggles to breathe.
The boulder beetle seems to be slow for longer.
You kill the boulder beetle!
The cyan ugly thing barely misses you.
Training target 7.0 for Ice Magic reached!
Your Ice Magic skill increases to level 7!
You draw a card...
You have drawn the Illusion.
Suddenly you stand beside yourself. The cyan ugly thing claws you!
The cyan ugly thing shocks you!
You draw a card...
You have drawn the Dance.
The cyan ugly thing claws you!
* * * LOW HITPOINT WARNING * * *
The cyan ugly thing shocks you!
You die...
Your body glows with a rainbow of weird colours and disappears.

#..##..#........
....#......#.....<..
.....#....(.#........
......#..##..#........
......#..##..#........
......'......#........
....()#......'........
......#......#........
...@.@#......#........
.>..u.#......#........
....=.#..##..#........
......#..#####........
(...##..# #........
#### #>.......
........ .... ....


You could see a cyan ugly thing (ally target), a friendly +0 hand axe (summoned)
and the friendly ragingrage's illusion (summoned).

Vanquished Creatures
  2 two-headed ogres
  A boulder beetle (D:11)
  Amaemon (D:10)
  An orange demon (D:10)
  An unseen horror (D:10)
  A shadow (D:11)
  8 yaks
  A vampire mosquito (D:11)
  An acid dragon (D:10)
  2 black bears
  3 orc warriors
  A phantom (D:5)
  3 centaurs
  3 bullfrogs
  3 kobold brigands
  3 scorpions
  15 wights
  17 killer bees
  3 electric eels (D:3)
  2 howler monkeys
  A bombardier beetle (D:6)
  3 quasits (D:6)
  2 hounds (D:6)
  A jelly (D:8)
  3 orc priests
  A gnoll bouda (D:9)
  4 iguanas
  2 sleepcaps
  7 orc wizards
  3 gnolls (D:9)
  13 adders
  2 white imps (D:6)
  An ufetubus (D:6)
  A ribbon worm (D:3)
  3 dart slugs
  35 orcs
  6 bats
  8 endoplasms
  4 giant cockroaches
  4 goblins
  10 hobgoblins
  4 jackals (D:1)
  24 kobolds
  3 quokkas
  9 ball pythons
  3 frilled lizards
  13 rats
242 creatures vanquished.

Vanquished Creatures (collateral kills)
  A troll (D:9)
  A yak (D:7)
  An orc (D:9)
3 creatures vanquished.

Vanquished Creatures (others)
  A spectral weapon (D:7)
1 creature vanquished.

Grand Total: 246 creatures vanquished

Notes
Turn   | Place    | Note
-------+----------+-------------------------------------------
     0 | D:1      | ragingrage the Kobold Warper began the quest for the Orb.
     0 | D:1      | Reached XP level 1. HP: 12/12 MP: 3/3
   118 | D:1      | Reached skill level 3 in Short Blades
   133 | D:1      | Reached XP level 2. HP: 11/17 MP: 5/5
   188 | D:1      | Learned a level 1 spell: Sting
   486 | D:1      | Reached XP level 3. HP: 21/21 MP: 6/6
   560 | D:1      | Found a faded altar of an unknown god.
   668 | D:1      | Reached skill level 1 in Stealth
  1399 | D:2      | Reached skill level 4 in Short Blades
  1495 | D:2      | Reached skill level 1 in Conjurations
  1495 | D:2      | Reached skill level 1 in Alchemy
  1495 | D:2      | Reached XP level 4. HP: 26/26 MP: 7/7
  1710 | D:2      | Noticed a scorpion
  1721 | D:2      | Killed a scorpion
  1722 | D:2      | Reached XP level 5. HP: 23/30 MP: 3/8
  2423 | D:2      | Learned a level 2 spell: Blink
  2627 | D:3      | Found a snail-covered altar of Cheibriados.
  2729 | D:3      | Found a sparkling altar of Nemelex Xobeh.
  2877 | D:3      | Became a worshipper of Nemelex Xobeh the Trickster
  3167 | D:3      | Found a transporter.
  3187 | D:3      | Found a transporter.
  3349 | D:3      | Reached skill level 5 in Short Blades
  3349 | D:3      | Reached XP level 6. HP: 35/35 MP: 9/9
  3580 | D:4      | Found a basalt altar of Yredelemnul.
  3801 | D:4      | Reached XP level 7. HP: 33/40 MP: 10/10
  3909 | D:4      | Found a staircase to the Ecumenical Temple.
  3914 | Temple   | Entered the Ecumenical Temple
  4111 | D:4      | Reached skill level 6 in Short Blades
  4552 | D:5      | Entered Level 5 of the Dungeon
  4552 | D:5      | Reached * piety under Nemelex Xobeh
  4681 | D:5      | Found a broken altar of Ashenzari.
  4815 | D:5      | Found Gadghiz's Antique Armour Shop.
  4820 | D:5      | Bought a pair of glowing gloves for 202 gold pieces
  5119 | D:5      | Noticed a +0 spear
  5119 | D:5      | Noticed a +0 dagger
  5120 | D:5      | Noticed a +0 falchion
  5120 | D:5      | Noticed a +0 falchion
  5121 | D:5      | Noticed a +0 short sword
  5122 | D:5      | Noticed a +0 short sword
  5124 | D:5      | Noticed a +0 dagger
  5125 | D:5      | Noticed a +0 spear
  5262 | D:5      | Reached skill level 7 in Short Blades
  5587 | D:5      | Found a hide-covered altar of Uskayaw.
  5623 | D:5      | Reached XP level 8. HP: 42/44 MP: 4/11
  6003 | D:5      | Reached skill level 8 in Short Blades
  6556 | D:6      | Received a gift from Nemelex Xobeh
  6609 | D:6      | Found a burning altar of Makhleb.
  6836 | D:6      | Reached skill level 9 in Short Blades
  7542 | D:6      | HP: 1/44 [black bear (2)]
  7544 | D:6      | Reached skill level 10 in Short Blades
  7544 | D:6      | Reached skill level 1 in Invocations
  7794 | D:6      | Reached ** piety under Nemelex Xobeh
  8079 | D:5      | Bought a glowing robe for 99 gold pieces
  8422 | D:7      | Reached XP level 9. HP: 42/50 MP: 8/12
  8435 | D:7      | Learned a level 3 spell: Ozocubu's Armour
  8498 | D:7      | Found an ancient bone altar of Kikubaaqudgha.
  8692 | D:7      | Received a gift from Nemelex Xobeh
  8848 | D:7      | Reached skill level 1 in Ice Magic
  9107 | D:8      | Identified the +5 long sword of Greed {spect, rN+}
  9367 | D:8      | Found Qeblec's Assorted Antiques.
  9485 | D:7      | Reached skill level 5 in Dodging
  9670 | D:7      | Reached skill level 1 in Long Blades
  9682 | D:7      | Reached skill level 5 in Fighting
  9682 | D:7      | Reached XP level 10. HP: 15/59 MP: 3/13
 10102 | D:8      | Bought a bone wand for 96 gold pieces
 10102 | D:8      | Bought a scroll labelled JICWOT NEORGH for 24 gold pieces
 10102 | D:8      | Bought an inky potion for 21 gold pieces
 10323 | D:9      | Found a staircase to the Orcish Mines.
 10333 | D:9      | Reached skill level 5 in Invocations
 10356 | D:9      | Identified the -2 hand axe of Vuaciele {vamp, Will++ Int+4}
 10439 | D:9      | Found Zin's Purification Station.
 10441 | D:9      | Found a glowing silver altar of Zin.
 10789 | D:10     | Entered Level 10 of the Dungeon
 10861 | D:10     | Received a gift from Nemelex Xobeh
 10903 | D:10     | Noticed a two-headed ogre
 10931 | D:10     | Killed a two-headed ogre
 10932 | D:10     | Reached skill level 5 in Ice Magic
 11031 | D:10     | Noticed Amaemon
 11036 | D:10     | Killed Amaemon
 11138 | D:10     | Noticed an orange demon
 11150 | D:10     | Killed an orange demon
 11151 | D:10     | Reached XP level 11. HP: 34/63 MP: 11/14
 11233 | D:10     | Reached *** piety under Nemelex Xobeh
 11235 | D:10     | Reached skill level 5 in Long Blades
 11286 | D:10     | Found a radiant altar of Vehumet.
 11326 | D:10     | Found a staircase to the Lair.
 11587 | D:10     | Found a white marble altar of Elyvilon.
 11673 | D:9      | Received a gift from Nemelex Xobeh
 12643 | D:11     | Received a gift from Nemelex Xobeh
 12729 | D:11     | Reached **** piety under Nemelex Xobeh
 12808 | D:11     | Noticed a boulder beetle
 12808 | D:11     | Noticed a two-headed ogre
 12810 | D:11     | Noticed a cyan ugly thing
 12811 | D:11     | Killed a two-headed ogre
 12819 | D:11     | Killed a boulder beetle
 12821 | D:11     | Slain by a cyan ugly thing

Illustrated notes

Levels and vault maps discovered:
D:1:      ncdulo_halloftheorcs, layout_loops_ring,
          chequers_ecumenical_altar_island, minmay_parallelograms,
          roderic_roman_lattice
D:2:      layout_loops_corners, minmay_rat_gold_closets
D:3:      gammafunk_steamed_eel, layout_basic, mainiacjoe_overflow_24_doors,
          mainiacjoe_overflow_paths, kennysheep_generic_room_9
D:4:      layout_basic, lemuel_doored_altar, temple_doors_e
D:5:      layout_layer_cave, nicolae_uskayaw_en_pointe,
          cheibrodos_ashenzari_chains, serial_shops, shop
D:6:      layout_gridville, nicolae_overflow_crystal_walls, serial_demonic,
          serial_demonic_a, serial_demonic_b, serial_demonic_f, serial_demonic_c
D:7:      layout_rooms, mainiacjoe_overflow_catwalk
D:8:      layout_rooms, serial_shops, nicolae_shop_advertising_works
          [nicolae_subvault_shop_adworks]
D:9:      layout_basic, zin_purify
D:10:     layout_basic, elyvilon_altar_5, nicolae_vehumet_radiance,
          lair_entry_dummy, hangedman_abyss_or_decor_passed, uniq_amaemon
D:11:     layout_gridville, st_stairs_9, minmay_misc_feat_tiny,
          minmay_misc_feat_tower
Temple:   chequers_temple_sunken

Skill      XL: |  1  2  3  4  5  6  7  8  9 10 11 |
---------------+----------------------------------+-----
Short Blades   | 3 4 5 7 10 | 10.6
Stealth        | 1 2 3 |  3.0
Conjurations   | 1 2 3 4 |  4.0
Alchemy        | 1 2 3 4 |  4.0
Invocations    | 1 4 5 |  5.0
Dodging        | 3 5 7 |  7.0
Fighting       | 3 5 |  5.0
Ice Magic      | 3 6 7 |  7.0
Long Blades    | 1 4 7 |  7.5
Throwing       | |  1.1
Armour         | |  0.8
Spellcasting   | |  2.2
Translocations | |  3.0

Action                     |  1- 3 |  4- 6 |  7- 9 | 10-12 || total
---------------------------+-------+-------+-------+-------++-------
  Melee: Short sword       |   164 |    99 |   118 |       ||   381
         Staff             |       |       |     7 |       ||     7
         Rapier            |       |       |    40 |     3 ||    43
         Long sword        |       |       |    15 |   150 ||   165
         Dagger            |       |       |       |    95 ||    95
  Throw: Dart              |       |       |       |     4 ||     4
   Cast: Sting             |     3 |    30 |   230 |     6 ||   269
         Ozocubu's Armour  |       |       |       |     6 ||     6
 Invoke: Draw Destruction  |       |       |     9 |     2 ||    11
         Draw Summoning    |       |       |     1 |     4 ||     5
  Evoke: Wand              |       |     3 |       |     2 ||     5
    Use: Potion            |     2 |       |     3 |     3 ||     8
         Scroll            |       |       |       |     2 ||     2
   Stab: Sleeping          |     7 |    23 |     4 |     9 ||    43
         Distracted        |       |       |     1 |     3 ||     4
 Armour: Leather armour    |    91 |    44 |   145 |       ||   280
         Robe              |       |       |    65 |    40 ||   105
         Troll leather arm |       |       |       |   122 ||   122
  Dodge: Dodged            |   103 |    66 |   222 |   188 ||   579

Table legend: (Time is in decaauts)
 A = Elapsed time spent in this place.
 B = Non-inter-level travel time spent in this place.
 C = Inter-level travel time spent in this place.
 D = Time resting spent in this place.
 E = Time spent auto-exploring this place.
 F = Levels seen in this place.
 G = Mean time per level.
                   A        B        C        D        E       F      G
               +--------+--------+--------+--------+--------+-----+--------+
         Total |  12680 |  11985 |    695 |   2317 |   7490 |  12 | 1056.7 |
       Dungeon |  12679 |  11984 |    695 |   2317 |   7490 |  11 | 1152.6 |
        Temple |      1 |      1 |      0 |      0 |      0 |   1 |    1.0 |
               +--------+--------+--------+--------+--------+-----+--------+

Top non-repeatable levels by time:
     D:5: 2057 daAuts
     D:6: 1500 daAuts
     D:7: 1409 daAuts
     D:1: 1346 daAuts
     D:2: 1231 daAuts
     D:9: 1172 daAuts
    D:10: 1004 daAuts
     D:4: 992 daAuts
     D:3: 939 daAuts
     D:8: 749 daAuts
    D:11: 275 daAuts
  Temple: 1 daAuts
